General information
- name: BNet
- type: Ladder 1vs1/FFA
- host: Battle.net
- saver: GreyPumas
map: GoldRush
- players: 4
- length: 46:29
- speed: Fast
- version: 1.24 W3XP
- replay type: Public
» download(211 KB)
Players
team 1 (loser)
Player 1 (
blue | 53 APM | 2438 actions | 46:24)
5 Dreadlord
2 Sleep
3 Vampiric Aura
5 Death Knight
2 Death Coil
3 Unholy Aura
5 Lich
3 Frost Nova
2 Frost Armor
» actions
| Assign group hotkey | 84 | |
| Basic commands | 159 | |
| Build / train | 96 | |
| ESC pressed | 2 | |
| Enter build submenu | 32 | |
| Enter hero's abilities submenu | 15 | |
| Give item / drop item | 4 | |
| Remove unit from queue | 2 | |
| Right click | 931 | |
| Select / deselect | 436 | |
| Select group hotkey | 542 | |
| Use ability | 135 | |
2438 total
» units
| Acolyte | 13 | |
| Ghoul | 22 | |
| Gargoyle | 7 | |
| Frost Wyrm | 4 | |
46 total
» upgrades
| Unholy Strength | 2 | |
| Unholy Armor | 1 | |
| Ghoul Frenzy | 1 | |
| Creature Attack | 2 | |
| Creature Carapace | 2 | |
| Stone Form | 1 | |
| Backpack | 0 | |
| Freezing Breath | 1 | |
10 total
» buildings
| Crypt | 2 | |
| Ziggurat | 34 | |
| Altar of Darkness | 1 | |
| Tomb of Relics | 1 | |
| Graveyard | 3 | |
| Halls of the Dead | 2 | |
| Black Citadel | 2 | |
| Sacrificial Pit | 1 | |
| Boneyard | 1 | |
| Necropolis | 4 | |
| Spirit Tower | 4 | |
| Nerubian Tower | 1 | |
56 total
» build order
00:12 Crypt
00:16 Crypt
00:49 Ziggurat
01:25 Altar of Darkness
01:57 Ziggurat
03:20 Ziggurat
03:55 Tomb of Relics
05:00 Ziggurat
05:22 Graveyard
07:17 Halls of the Dead
08:07 Ziggurat
09:49 Black Citadel
13:39 Sacrificial Pit
14:40 Boneyard
15:49 Necropolis
21:59 Necropolis
23:21 Spirit Tower
23:22 Nerubian Tower
23:23 Spirit Tower
24:34 Halls of the Dead
25:02 Necropolis
26:06 Ziggurat
26:49 Ziggurat
26:53 Ziggurat
26:55 Ziggurat
26:59 Ziggurat
27:03 Ziggurat
29:42 Necropolis
31:20 Black Citadel
34:51 Spirit Tower
36:04 Spirit Tower
37:36 Graveyard
37:37 Graveyard
37:42 Ziggurat
37:42 Ziggurat
37:44 Ziggurat
37:45 Ziggurat
37:46 Ziggurat
37:47 Ziggurat
37:48 Ziggurat
37:49 Ziggurat
37:50 Ziggurat
37:52 Ziggurat
39:02 Ziggurat
39:04 Ziggurat
39:04 Ziggurat
44:22 Ziggurat
44:22 Ziggurat
44:23 Ziggurat
44:23 Ziggurat
44:24 Ziggurat
44:25 Ziggurat
44:26 Ziggurat
44:27 Ziggurat
44:28 Ziggurat
» items
| Rod of Necromancy | 1 | |
| Sacrificial Skull | 1 | |
| Scroll of Town Portal | 1 | |
| Orb of Corruption | 1 | |
| Scroll of Protection | 2 | |
| Scroll of Healing | 2 | |
| Potion of Lesser Invulnerability | 1 | |
| Circlet of Nobility | 1 | |
| Potion of Invisibility | 1 | |
11 total
team 2 (winner)
GreyPumas (
purple | 106 APM | 4930 actions | 46:24)
7 Death Knight
3 Death Coil
3 Unholy Aura
1 Animate Dead
6 Lich
3 Frost Nova
2 Dark Ritual
1 Death and Decay
5 Dreadlord
3 Sleep
2 Carrion Swarm
» actions
| Assign group hotkey | 81 | |
| Basic commands | 23 | |
| Build / train | 99 | |
| ESC pressed | 4 | |
| Enter build submenu | 53 | |
| Enter hero's abilities submenu | 18 | |
| Give item / drop item | 7 | |
| Right click | 2488 | |
| Select / deselect | 536 | |
| Select group hotkey | 1479 | |
| Use ability | 142 | |
4930 total
» units
| Acolyte | 16 | |
| Ghoul | 8 | |
| Crypt Fiend | 8 | |
| Obsidian Statue | 3 | |
| Frost Wyrm | 9 | |
44 total
» upgrades
| Creature Attack | 3 | |
| Burrow | 1 | |
| Creature Carapace | 3 | |
| Web | 1 | |
| Destroyer Form | 1 | |
| Freezing Breath | 1 | |
10 total
» buildings
| Graveyard | 1 | |
| Crypt | 1 | |
| Altar of Darkness | 1 | |
| Ziggurat | 8 | |
| Tomb of Relics | 5 | |
| Nerubian Tower | 1 | |
| Halls of the Dead | 1 | |
| Spirit Tower | 3 | |
| Black Citadel | 1 | |
| Sacrificial Pit | 1 | |
| Slaughterhouse | 2 | |
| Necropolis | 10 | |
| Boneyard | 3 | |
38 total
» build order
00:06 Graveyard
00:14 Crypt
00:43 Altar of Darkness
01:00 Ziggurat
01:26 Tomb of Relics
02:00 Ziggurat
02:39 Nerubian Tower
04:47 Halls of the Dead
04:54 Ziggurat
06:38 Spirit Tower
08:08 Black Citadel
08:28 Ziggurat
08:33 Sacrificial Pit
08:53 Slaughterhouse
08:55 Slaughterhouse
09:08 Necropolis
09:50 Spirit Tower
09:51 Spirit Tower
10:45 Boneyard
11:22 Boneyard
13:39 Ziggurat
13:40 Ziggurat
15:55 Tomb of Relics
16:09 Necropolis
16:27 Ziggurat
16:28 Ziggurat
19:20 Tomb of Relics
19:23 Tomb of Relics
21:25 Necropolis
21:42 Tomb of Relics
29:29 Necropolis
32:25 Boneyard
35:25 Necropolis
35:31 Necropolis
35:34 Necropolis
44:33 Necropolis
44:38 Necropolis
44:43 Necropolis
» items
| Rod of Necromancy | 2 | |
| Scroll of Town Portal | 7 | |
| Orb of Corruption | 2 | |
| Scroll of Healing | 2 | |
| Potion of Healing | 1 | |
| Potion of Mana | 2 | |
16 total
team 3 (loser)
Player 3 (
red | 78 APM | 3604 actions | 46:24)
3 Archmage
2 Summon Water Elemental
1 Brilliance Aura
2 Mountain King
1 Storm Bolt
1 Bash
» actions
| Assign group hotkey | 105 | |
| Basic commands | 53 | |
| Build / train | 133 | |
| ESC pressed | 19 | |
| Enter build submenu | 67 | |
| Enter hero's abilities submenu | 5 | |
| Remove unit from queue | 3 | |
| Right click | 1848 | |
| Select / deselect | 707 | |
| Select group hotkey | 435 | |
| Use ability | 229 | |
3604 total
» units
| Peasant | 55 | |
| Footman | 10 | |
| Siege Engine | 8 | |
| Flying Machine | 5 | |
| Knight | 1 | |
79 total
» upgrades
| Lumber Harvesting | 2 | |
| Masonry | 3 | |
| Defend | 1 | |
| Plating | 2 | |
| Barrage | 1 | |
| Gunpowder | 1 | |
10 total
» buildings
| Altar of Kings | 3 | |
| Farm | 17 | |
| Barracks | 1 | |
| Scout Tower | 10 | |
| Arcane Tower | 1 | |
| Lumber Mill | 3 | |
| Town Hall | 11 | |
| Keep | 4 | |
| Arcane Vault | 1 | |
| Blacksmith | 1 | |
| Castle | 1 | |
| Guard Tower | 11 | |
| Workshop | 3 | |
67 total
» build order
00:19 Altar of Kings
00:24 Farm
00:35 Barracks
00:44 Farm
01:46 Farm
01:53 Scout Tower
02:24 Arcane Tower
02:52 Farm
03:53 Lumber Mill
04:15 Town Hall
04:39 Keep
05:40 Arcane Vault
07:09 Blacksmith
07:10 Castle
07:13 Scout Tower
07:16 Scout Tower
07:20 Scout Tower
07:24 Scout Tower
07:45 Guard Tower
07:58 Guard Tower
07:58 Guard Tower
08:41 Farm
08:44 Farm
08:46 Farm
09:08 Workshop
09:43 Scout Tower
10:14 Scout Tower
10:51 Workshop
10:52 Farm
10:55 Workshop
10:57 Farm
10:58 Farm
11:06 Guard Tower
11:07 Guard Tower
11:23 Town Hall
15:10 Scout Tower
15:10 Scout Tower
16:01 Guard Tower
16:01 Guard Tower
16:18 Guard Tower
16:27 Scout Tower
16:56 Guard Tower
16:56 Guard Tower
19:29 Altar of Kings
21:48 Town Hall
24:42 Keep
26:02 Town Hall
26:38 Keep
26:38 Keep
27:47 Farm
27:57 Farm
30:45 Town Hall
30:56 Lumber Mill
32:07 Town Hall
32:16 Altar of Kings
33:59 Town Hall
34:18 Farm
35:39 Town Hall
36:08 Town Hall
36:12 Town Hall
37:29 Farm
38:10 Farm
41:03 Town Hall
41:24 Lumber Mill
43:44 Farm
43:49 Farm
» items
| Scroll of Town Portal | 3 | |
| Potion of Lesser Invulnerability | 1 | |
| Potion of Healing | 5 | |
| Scroll of Regeneration | 4 | |
13 total
team 4 (loser)
Player 4 (
yellow | 30 APM | 1000 actions | 33:44)
4 Archmage
2 Summon Water Elemental
1 Brilliance Aura
1 Blizzard
2 Paladin
1 Holy Light
1 Divine Shield
1 Blood Mage
1 Flame Strike
» actions
| Build / train | 127 | |
| ESC pressed | 2 | |
| Enter build submenu | 49 | |
| Enter hero's abilities submenu | 7 | |
| Remove unit from queue | 3 | |
| Right click | 407 | |
| Select / deselect | 312 | |
| Use ability | 93 | |
1000 total
» units
| Peasant | 16 | |
| Footman | 18 | |
| Priest | 1 | |
| Gryphon Rider | 17 | |
| Rifleman | 9 | |
| Flying Machine | 2 | |
63 total
» upgrades
| Defend | 1 | |
| Lumber Harvesting | 2 | |
| Magic Sentry | 1 | |
| Priest Training | 2 | |
| Sorceress Training | 2 | |
| Armor | 3 | |
| Storm Hammers | 1 | |
| Masonry | 3 | |
| Flying Machine Bombs | 1 | |
| Fragmentation Shards | 1 | |
| Flare | 1 | |
| Gunpowder | 3 | |
| Animal War Training | 1 | |
| Long Rifles | 1 | |
| Swords | 2 | |
| Plating | 2 | |
| Flak Cannons | 1 | |
| Barrage | 1 | |
29 total
» buildings
| Altar of Kings | 1 | |
| Farm | 13 | |
| Barracks | 3 | |
| Lumber Mill | 1 | |
| Keep | 1 | |
| Scout Tower | 21 | |
| Guard Tower | 7 | |
| Arcane Tower | 5 | |
| Town Hall | 2 | |
| Arcane Sanctum | 1 | |
| Gryphon Aviary | 1 | |
| Blacksmith | 1 | |
| Castle | 1 | |
| Workshop | 1 | |
| Cannon Tower | 8 | |
| Arcane Vault | 1 | |
68 total
» build order
00:09 Altar of Kings
00:34 Farm
01:02 Barracks
02:11 Barracks
02:27 Barracks
02:52 Farm
03:20 Farm
03:41 Farm
03:51 Lumber Mill
04:12 Farm
04:27 Farm
05:22 Keep
05:29 Scout Tower
05:36 Farm
06:02 Guard Tower
06:28 Scout Tower
06:57 Arcane Tower
07:05 Scout Tower
07:41 Town Hall
07:49 Guard Tower
07:55 Scout Tower
09:36 Arcane Sanctum
09:40 Scout Tower
09:41 Arcane Tower
10:13 Guard Tower
10:16 Scout Tower
10:29 Gryphon Aviary
10:57 Blacksmith
11:03 Farm
11:10 Arcane Tower
11:47 Farm
12:03 Castle
12:10 Scout Tower
12:21 Scout Tower
12:56 Guard Tower
13:00 Scout Tower
13:18 Guard Tower
13:37 Arcane Tower
13:41 Scout Tower
13:49 Scout Tower
14:26 Arcane Tower
15:16 Farm
16:07 Guard Tower
16:56 Farm
17:06 Scout Tower
17:54 Workshop
18:00 Farm
19:21 Town Hall
19:39 Cannon Tower
19:46 Farm
20:24 Scout Tower
21:06 Cannon Tower
21:09 Scout Tower
21:53 Cannon Tower
21:56 Scout Tower
22:54 Cannon Tower
23:20 Scout Tower
24:39 Cannon Tower
24:52 Scout Tower
25:31 Guard Tower
28:50 Scout Tower
28:57 Scout Tower
29:02 Scout Tower
29:25 Cannon Tower
29:27 Cannon Tower
29:31 Cannon Tower
29:36 Arcane Vault
29:56 Scout Tower
Chat log
(00:03 / All) Player 1: MY DICK IS GAY
(00:09 / All) GreyPumas: mine too
(00:10 / All) GreyPumas: :)(
(00:25 / All) GreyPumas: sean
(00:28 / All) Player 1: HI
(00:31 / Specific player) GreyPumas: k
(00:32 / Specific player) GreyPumas: hi
(00:40 / Specific player) GreyPumas: whatre we doing
(00:45 / 4) Player 1: IDK SCOUT FIRST
(01:03 / Specific player) GreyPumas: oh
(01:04 / Specific player) GreyPumas: ok
(01:05 / Specific player) GreyPumas: kk
(01:07 / Specific player) GreyPumas: u scout k?
(01:30 / All) Player 1: GONNA JACK OFF AFTER THIS
(02:32 / All) Player 1: YELLOW TOP RIGHT LOL
(02:36 / Specific player) GreyPumas: corner?
(02:43 / All) Player 1: YES THE CORNER...
(02:54 / All) Player 1: RED MID RIGHT LOL
(02:57 / Specific player) GreyPumas: LOL
(02:59 / All) Player 1: RED LOOKS DECENT
(03:02 / All) Player 1: YELLOW SUCKS
(03:04 / Specific player) GreyPumas: kk
(03:15 / All) Player 1: YELLOW DUAL RAX LOL
(03:26 / All) Player 1: BITCH THINK U CAN TAKE ME?
(03:28 / All) Player 1: BITCH NIGGA PLZ
(03:33 / All) Player 3: stop telling what yellow got fag..
(03:37 / All) Player 1: STFU NIGGER
(03:37 / All) GreyPumas: stfu noob
(03:39 / All) Player 1: OR UR FIST
(03:42 / All) Player 1: FIRST
(03:50 / All) Player 1: GOD DAMN NEWBS
(04:07 / All) Player 1: HURRY UP I WANNA TOUCH MYSELF
(04:28 / Specific player) GreyPumas: got my expo
(04:46 / 4) Player 1: MAKING MY FIRST ASSUALT
(04:47 / 4) Player 1: LOL
(05:47 / All) GreyPumas: reds at my expo lol
(05:52 / All) Player 1: HE HACKS
(05:54 / All) GreyPumas: yeah lets get him.
(06:04 / All) Player 1: YELLOW LOST AM
(06:12 / All) Player 1: YELLOW USES DEFEND VS GOHULS
(06:21 / All) Player 1: KEEP RED BUSY
(06:29 / All) GreyPumas: i am
(06:53 / All) Player 1: COMING BACKK SOON NIGGER
(06:54 / All) GreyPumas: hes lvl 2 he expoed
(07:35 / All) Player 1: GET TRI I HERO ILL FEED U 3 CONTROL GROUPS OF GHOULS
(07:40 / All) GreyPumas: nah just team on red
(08:05 / All) GreyPumas: kids got am footies
(08:15 / All) Player 1: K
(08:18 / All) Player 1: LETS HIT HIM
(08:19 / All) Player 1: TOGETHER
(08:20 / All) GreyPumas: k
(08:33 / All) Player 1: WHERE HIS EXPO
(08:36 / All) GreyPumas: idk
(08:43 / All) Player 1: U SAID HE HAD ONE IDIOT
(08:47 / All) GreyPumas: hes lvl 2
(08:48 / All) GreyPumas: so i know
(08:50 / All) GreyPumas: idk where idiot
(08:54 / All) Player 1: COME
(08:55 / All) Player 1: L
(09:11 / All) GreyPumas: hi babe
(09:25 / All) Player 1: RED WHATS UR ACCCOUNT
(09:29 / All) GreyPumas: turn
(09:32 / All) GreyPumas: TURN
(10:03 / All) Player 1: K
(10:04 / All) Player 1: LOL
(10:05 / All) Player 1: GL RED
(10:17 / All) GreyPumas: hes at me
(10:24 / All) GreyPumas: ill defend u kill him
(10:32 / All) Player 1: GONNA AFK HIS BASE
(10:32 / All) GreyPumas: hes tping
(10:38 / All) Player 1: NVM
(11:03 / All) Player 1: GOLD ME
(11:07 / All) GreyPumas: you win?
(11:09 / All) GreyPumas: u read to go back?
(11:10 / All) Player 1: NO IDIOT
(11:12 / 4) Player 1: hE TWR
(11:13 / All) Player 1: GO
(11:15 / All) GreyPumas: towers lolol
(11:57 / All) Player 1: IMA HIT
(11:59 / All) Player 1: HIS EXPO
(12:03 / All) Player 1: COME
(12:06 / All) GreyPumas: kk
(12:12 / All) GreyPumas: is yellow doing good lol
(12:16 / All) Player 1: IDK
(12:16 / All) Player 1: IDC
(12:44 / All) Player 1: AFK
(13:04 / All) Player 1: FUCK MY ASS
(13:10 / All) GreyPumas: LMAO
(13:16 / All) Player 1: HIT TWRS RETARD
(13:19 / All) Player 1: FUCKIN HELL
(13:51 / All) Player 1: HE GOT TANKS LAWL
(13:54 / All) Player 1: WHAT A NEWB
(13:54 / All) GreyPumas: i got wyrms now
(13:56 / All) Player 1: TYPICAL HUMAN SCRUB
(14:02 / All) Player 1: MASS FROST TWR IN UR ABSE
(14:17 / All) Player 1: U BEAT HIM?
(14:26 / All) GreyPumas: killin twrs
(15:24 / All) GreyPumas: he feeding me expo with tanks
(15:41 / All) GreyPumas: hit him again
(15:45 / All) Player 1: OK
(16:13 / All) GreyPumas: ready?
(16:21 / All) Player 1: CUMMIN
(16:37 / All) GreyPumas: towers going up
(17:04 / All) GreyPumas: tanks n gyro
(17:49 / All) Player 1: WEB
(18:19 / All) GreyPumas: sry
(18:34 / All) Player 3: whats the point of ffa
(18:38 / All) Player 3: just go 2s
(18:40 / All) Player 1: STFU NIGGER
(18:42 / All) Player 1: WE OWN U
(18:43 / All) GreyPumas: STFU LOL
(18:56 / All) Player 1: STOP
(18:59 / All) Player 1: CHRIST
(19:23 / All) Player 1: LEAVE RED
(19:27 / All) Player 1: UR BAD
(19:45 / All) Player 1: /WHOIS FFAC0CKJUICE
(19:58 / All) GreyPumas: i have so much resources lol
(20:24 / All) Player 1: FUCKIN
(20:25 / All) Player 1: COME
(20:26 / All) Player 1: END THIS
(20:26 / All) Player 1: WTF
(20:29 / All) GreyPumas: tanks at my expos
(20:35 / All) GreyPumas: kid hacks remember
(20:59 / All) GreyPumas: k im ready
(21:08 / All) Player 1: U GOT THAT JUST GO
(21:11 / All) Player 1: IMA FUCK YELLOW
(21:13 / All) GreyPumas: kk
(22:00 / All) GreyPumas: red has new mains omewhere
(22:07 / All) Player 1: LOL
(22:13 / All) Player 1: rED SUCKS
(22:36 / All) GreyPumas: castle down
(22:42 / All) GreyPumas: should i go 100
(22:45 / All) GreyPumas: u got yellow?
(22:51 / All) Player 1: YES GO 100
(22:54 / All) Player 1: WTF
(22:59 / All) Player 1: LOL RED HACKS
(23:03 / All) GreyPumas: why
(23:04 / All) Player 1: HE COMIN AFTER ME
(23:08 / All) GreyPumas: lolol
(23:08 / All) Player 1: KILLED NEW EPXO
(23:26 / All) GreyPumas: whats he got
(24:06 / All) GreyPumas: whats he got yo
(24:11 / All) Player 1: IDK I KILLED ALL
(24:13 / All) GreyPumas: LMAO
(24:16 / All) GreyPumas: hes reviving hero
(24:18 / All) Player 1: HE GONNA GET MY MAIN BUT HE DEAD ALL
(24:23 / All) GreyPumas: he got tanks?
(24:36 / All) Player 1: RED WHY MH
(24:39 / All) Player 1: U MAD?
(24:51 / All) Player 1: NEWB HACKER DOWN
(24:59 / All) GreyPumas: LMAO
(25:02 / All) GreyPumas: YELLOW TOWER MASS
(25:19 / All) GreyPumas: i got his army lol
(25:24 / All) GreyPumas: cannon towers lmao
(25:50 / All) Player 1: RED U MAD?>
(26:09 / All) Player 1: RED IS MAD
(26:09 / All) Player 1: LOL
(26:13 / All) GreyPumas: yellow got a butt load of tower
(26:15 / All) Player 1: LAWL
(26:55 / All) GreyPumas: k lets kill red
(26:55 / All) GreyPumas: lol
(27:09 / Specific player) GreyPumas: lol
(27:28 / All) Player 1: WHAT LVL UR HEROES
(27:32 / All) GreyPumas: 5 4 4
(27:35 / All) Player 1: LO
(28:06 / All) GreyPumas: found his altar
(28:17 / All) GreyPumas: stop moron
(28:21 / All) Player 1: FUCK U
(29:52 / All) Player 1: LOL
(29:56 / All) GreyPumas: RIGHT?
(30:51 / All) Player 1: K
(30:54 / All) Player 1: IM COMING TO YELLOW
(30:57 / All) Player 1: WHAT SIDE ARE U
(30:59 / All) GreyPumas: right
(31:04 / All) Player 1: AT RED?
(31:05 / All) Player 1: OR YELLER
(31:08 / All) GreyPumas: yellow
(31:13 / All) Player 1: LOL K
(32:18 / All) Player 4: LOX
(32:44 / All) GreyPumas: red rebuildings im going to him
(32:45 / All) Player 1: YLLOE DOWN
(32:47 / All) Player 1: RED HACKER
(32:47 / All) GreyPumas: i got a shade
(32:48 / All) Player 1: LOL
(32:54 / All) GreyPumas: STIOP
(32:54 / Specific player) GreyPumas: STOP
(32:56 / All) Player 4: Lox
(33:33 / All) Player 1: GG NIGGER
(33:51 / All) GreyPumas: K LETS GET HIM LOL
(33:54 / All) Player 1: K GONNA MASS SHADE
(34:21 / All) Player 1: RED MUST BE MAD LOL
(34:23 / All) GreyPumas: ye
(34:27 / All) Player 1: LAWL
(34:28 / All) GreyPumas: we gotta find out who he is
(34:44 / All) Player 1: FGL IN A LIL WHILE LAWL
(35:08 / All) Player 1: RETARD MADE EXPOS
(35:09 / All) Player 1: AND FARMS
(35:12 / All) Player 1: EVERYWHERE NEAR ME LOL
(35:15 / All) Player 1: iON MY BASE
(35:16 / All) GreyPumas: turnon maphack ahahah
(35:17 / All) Player 1: LOL
(35:26 / All) Player 1: WOULD IF I COULD
(35:53 / All) GreyPumas: he has am
(35:53 / All) Player 1: EHY SEARCH AGAIN RED
(35:55 / All) GreyPumas: and tped somewhere
(35:56 / All) Player 1: WE GONNA DO THIS AGAIN
(36:10 / All) GreyPumas: let side
(36:12 / All) GreyPumas: left side
(36:13 / All) GreyPumas: he has expos
(36:21 / All) Player 1: I KNOW IM KILLIN ONE OF EM
(36:35 / All) GreyPumas: get his main
(36:39 / All) Player 1: LOL HE HARASSING MY ACOS
(36:40 / All) Player 1: LMFAO
(37:05 / All) Player 1: HAVE THE ACOS U FUCKIN IDIOT
(37:09 / All) GreyPumas: oh thats your base
(37:11 / All) GreyPumas: ahh
(38:21 / All) GreyPumas: his am and mk
(38:24 / All) Player 1: I HAVE SHADE ON U LOL
(38:24 / All) GreyPumas: above youe base
(38:27 / All) GreyPumas: i have shade on red
(38:31 / All) Player 1: LOL
(38:45 / All) GreyPumas: gonna rape him
(39:19 / All) Player 1: NEWB
(39:36 / All) Player 1: KID IS MAD
(39:37 / All) Player 1: LMFAO
(39:38 / All) GreyPumas: k u finish it
(40:13 / All) GreyPumas: nigger
(40:17 / All) Player 1: ;P
(40:30 / All) Player 1: IDK WHERE TO LOOK LOL1
(40:34 / All) GreyPumas: LMAO
(40:40 / All) GreyPumas: hes hiding halls now LOL
(40:46 / All) Player 1: MK AT MY BASE
(40:51 / All) Player 1: SURRPOUNDED WITH GHOULS
(40:52 / All) Player 1: HES DEAD LOL
(40:54 / All) Player 1: LOL!!!
(40:57 / All) GreyPumas: LMFAO
(41:20 / All) GreyPumas: hi
(41:24 / All) Player 1: YO
(41:44 / All) GreyPumas: i shuolda dl maphack lol
(42:07 / All) Player 1: WOW
(42:09 / All) Player 1: FOUND IT
(42:11 / All) Player 1: LOL
(42:16 / All) Player 1: WTF
(42:17 / All) GreyPumas: yeah
(42:19 / All) GreyPumas: i saw that
(42:21 / All) GreyPumas: on my minimap
(42:48 / All) Player 1: DOIN THE PERIMETER
(43:11 / All) Player 1: FOUND A MILL OUTSIDE UR EXPO
(43:15 / All) GreyPumas: lol
(43:34 / All) GreyPumas: thanks dick
(43:38 / All) GreyPumas: now i gotta make another ghoul
(43:44 / All) Player 1: LOL
(43:46 / All) Player 1: I GOT 10K WOOD
(43:50 / All) GreyPumas: i got 9k
(43:53 / All) Player 1: ;O
(43:55 / All) GreyPumas: 16k gold 9k wood
(44:49 / All) GreyPumas: this guy is a nerd lol
(44:51 / All) GreyPumas: who hides in ffa
(45:09 / All) Player 3: K
(45:10 / All) Player 3: gl
(45:12 / All) GreyPumas: LOOOOOL
(45:13 / All) Player 3: stats noobsgetowned
(45:19 / All) GreyPumas: HI LOL
(45:19 / All) Player 3: guess how i got my 2 wins
(45:21 / All) GreyPumas: 2-1 LOLOL
(45:22 / All) Player 1: LOL
(45:25 / All) GreyPumas: 2-1 LOLOLOL
(45:26 / All) GreyPumas: 2-1 LOL
(45:28 / All) Player 1: HE DISC HACKER
(45:29 / All) Player 3: nah
(45:36 / All) GreyPumas: DISC HAX?
(45:36 / All) Player 3: u'll be suprised how i got my 2 wins
(45:37 / All) Player 3: afk
(45:48 / All) Player 3: wait for
(45:52 / All) Player 3: 10 seconds
(45:54 / All) Player 3: u'll see
(45:59 / All) Player 1: WAT
(46:01 / All) Player 1: EXPLAIN
(46:02 / All) Player 1: LOL
(46:04 / All) Player 1: NIGGR
(46:10 / All) GreyPumas: hes got a farm in yellows
(46:11 / All) GreyPumas: lolol
(46:14 / All) Player 1: MY GUESS
(46:22 / All) Player 1: YEA
(46:23 / All) GreyPumas: LOL
(46:24 / All) GreyPumas: ROFL